 Dungeon Crawl Stone Soup version 0.27-a0-522-g46bbb28828 (webtiles) character file.

Game seed: 10632288646904845020

7 HoaS the Insei (level 1, 0/17 HPs)
             Began as a Demigod Gladiator on Mar 4, 2021.
             Killed from afar by a dart slug (2 damage)
             ... with a slug dart
             ... on level 1 of the Dungeon.
             The game lasted 00:00:55 (114 turns).

HoaS the Insei (Demigod Gladiator)                   Turns: 114, Time: 00:00:55

Health: 0/17       AC:  4    Str: 15    XL:     1   Next: 73%
Magic:  3/3        EV: 12    Int: 10    God:
Gold:   25         SH:  0    Dex: 15    Spells: 0/0 levels left

rFire    . . .     SeeInvis .     - Unarmed
rCold    . . .     Faith    .   (no shield)
rNeg     . . .     Spirit   .   a - +0 leather armour
rPois    .         Reflect  .   b - +0 helmet
rElec    .         Harm     .   (no cloak)
rCorr    .         Rampage  .   (no gloves)
Will     .....                  (no boots)
Stlth    +.........             (no amulet)
HPRegen  0.05/turn              (no ring)
MPRegen  0.08/turn              (no ring)

@: no status effects
A: high mp 1, forlorn
a: no special abilities


You were on level 1 of the Dungeon.
You visited 1 branch of the dungeon, and saw 1 of its levels.

You collected 25 gold pieces.

Inventory:

Missiles
 c - 3 throwing nets (quivered)
Armour
 a - a +0 leather armour (worn)
 b - a +0 helmet (worn)
Scrolls
 d - 2 scrolls of random uselessness {unknown}
 e - a scroll of immolation {unknown}


   Skills:
 - Level 1.7 Fighting
 - Level 1.7 Throwing
 - Level 2.6 Dodging
 + Level 3.2 Unarmed Combat


You couldn't memorise any spells.
You didn't know any spells.
Your spell library was empty.

Dungeon Overview and Level Annotations

Branches:
Dungeon (1/15)


Innate Abilities, Weirdness & Mutations

Your attributes grow dramatically as you level up.
You have an increased reservoir of magic. (+10% MP)
You shall have no god before yourself.


Message History

You barely miss the rat. You closely miss the rat. The rat bites you.
You closely miss the rat. The rat barely misses you.
You completely miss the rat. The rat closely misses you.
You hit the rat.
You kill the rat!
No target in view!
You now have 25 gold pieces (gained 17).
e - a scroll labelled XEFFUE QANIBLYO A rat comes into view.
A dart slug comes into view.
A bat comes into view.
The dart slug launches a dart at you. The slug dart hits you.
A dart slug comes into view.
The rat barely misses you.
Found a scale mail.
You completely miss the rat. The rat misses you.
You closely miss the rat. The rat misses you.
You hit the rat but do no damage. The rat misses you.
You hit the rat.
The rat is severely wounded.
The rat bites you but does no damage.
You closely miss the rat.
The rat is severely wounded.
The rat barely misses you.
You hit the rat.
You kill the rat!
The dart slug launches a dart at you. The slug dart hits you.
The dart slug launches a dart at you. The slug dart hits you.
The dart slug launches a dart at you.
The slug dart hits you but does no damage.
The dart slug launches a dart at you. The slug dart hits you.
* * * LOW HITPOINT WARNING * * *
The dart slug launches a dart at you. The slug dart hits you.
You die...

............#
............###
..............##
###......≈.≈#..##
##.#.≈.≈..#...#
#.#≈♣#≈≈.#♣†♣#
#.#.≈≈.≈..≈♣≈##
....≈≈.≈≈≈.♣.#
.....≈≈≈≈...@# ..
#.♣≈♣.≈≈..≈.#
[...#≈≈.....≈#..#
....#.≈≈≈.≈.##≈.##
......≈≈≈..#.....##
............w.....##
...........>.......#
...................#
##...............#


You could see a dart slug.

Vanquished Creatures
  2 bats (D:1)
  A hobgoblin (D:1)
  A frilled lizard (D:1)
  4 rats (D:1)
8 creatures vanquished.

Notes
Turn   | Place    | Note
-------+----------+-------------------------------------------
     0 | D:1      | HoaS the Demigod Gladiator began the quest for the Orb.
     0 | D:1      | Reached XP level 1. HP: 17/17 MP: 3/3
    32 | D:1      | Reached skill level 3 in Unarmed Combat
   114 | D:1      | Killed from afar by a dart slug

Illustrated notes

Levels and vault maps discovered:
D:1:      tarquinn_simple_flora_water_b, layout_rooms,
          chequers_serial_rivers_marsh, serial_park_tiny_2,
          chequers_serial_rivers_room_b

Skill      XL: |  1 |
---------------+----+-----
Unarmed Combat | 3 |  3.2
Fighting       | |  1.7
Throwing       | |  1.7
Dodging        | |  2.6

Action                   || total
-------------------------++-------
Melee: Unarmed           ||    26
Armor: Leather armour    ||     8
Dodge: Dodged            ||    19

Table legend: (Time is in decaauts)
 A = Elapsed time spent in this place.
 B = Non-inter-level travel time spent in this place.
 C = Inter-level travel time spent in this place.
 D = Time resting spent in this place.
 E = Time spent auto-exploring this place.
 F = Levels seen in this place.
 G = Mean time per level.
                   A        B        C        D        E       F      G
               +--------+--------+--------+--------+--------+-----+--------+
         Total |    115 |    115 |      0 |      0 |     46 |   1 |  115.0 |
       Dungeon |    115 |    115 |      0 |      0 |     46 |   1 |  115.0 |
               +--------+--------+--------+--------+--------+-----+--------+

Top non-repeatable levels by time:
     D:1: 115 daAuts
